 Dungeon Crawl Stone Soup version 0.31.0-2-g5a2aebc5c2 (webtiles) character file.

Game seed: 3670184935180894269

182922 Implojin the Bludgeoner (level 17, -6/139 HPs)
             Began as a Barachi Shapeshifter on Jan 20, 2024.
             Was the Champion of Wu Jian.
             Killed from afar by a hell hog (34 damage)
             ... with a fireball
             ... on level 2 of the Abyss.
             The game lasted 01:30:43 (29841 turns).

Implojin the Bludgeoner (Barachi Shapeshifter)     Turns: 29841, Time: 01:30:44

Health: -6/139     AC: 32    Str: 10    XL:     17   Next: 75%
Magic:  13/13      EV: 19    Int: 13    God:    Wu Jian [******]
Gold:   473        SH: 15    Dex: 27    Spells: 16/16 levels left

rFire   . . .        a - +6 shillelagh "Devastator" {shatter}
rCold   . . .        l - +0 kite shield
rNeg    . . .        P - +11 scale mail "Xiywa" {rCorr Dex+2}
rPois   +            S - +1 helmet of a Million Visionaries {+Inv}
rElec   .            k - +1 cloak
rCorr   +            E - +0 pair of fencer's gloves {Riposte Dex+3}
SInv    .            Z - +2 pair of boots {Fly}
Will    ++...        h - amulet of faith
Stlth   ++           J - ring "Ugusop" {rPois Str-4 Dex+5}
HPRegen 0.43/turn    H - ring of willpower
MPRegen 0.13/turn

%: faith
@: about to teleport, flying, hasted, studying 2 skills, invisible, quick
A: amphibious, slowness 1, strong legs 2, +LOS, weak 1, [low MP 2]
}: 1/15 runes: barnacled
a: Hop, Renounce Religion, Evoke Invisibility, Wall Jump, Serpent's Lash,
Heavenly Storm


You were on level 2 of the Abyss.
You worshipped Wu Jian.
Wu Jian was exalted by your worship.
You visited 4 branches of the dungeon, and saw 26 of its levels.
You visited the Abyss 1 time.
You also visited: Sewer and Gauntlet.

You collected 3219 gold pieces.
You spent 2746 gold pieces at shops.

Inventory:

Hand Weapons
 a - the +6 shillelagh "Devastator" (weapon) {shatter}
   (You found it on level 2 of the Dungeon)
 n - the +10 dark maul {heavy}
   (You took it off a two-headed ogre on level 2 of the Orcish Mines)
 w - a +3 eveningstar
Missiles
 b - 3 silver javelins
 e - 40 poisoned darts
 p - 2 darts of dispersal
 u - a throwing net
 G - 6 curare-tipped darts
 K - 27 boomerangs (quivered)
 O - 26 javelins
Armour
 k - a +1 cloak (worn)
 l - a +0 kite shield (worn)
 E - the +0 pair of fencer's gloves (worn) {Riposte Dex+3}
   (You found it in a Gauntlet)

   Riposte:   It allows the wearer to riposte with melee weapons, swiftly
   retaliating against missed or blocked melee attacks.
   Dex+3:     It affects your dexterity (+3).
 P - the +11 scale mail "Xiywa" (worn) {rCorr Dex+2}
   (You took it off a wight on level 10 of the Dungeon)

   Dex+2:     It affects your dexterity (+2).
   rCorr:     It protects you from acid and corrosion.
 S - the +1 helmet of a Million Visionaries (worn) {+Inv}
   (You found it on level 2 of the Lair of Beasts)

   +Inv:      It lets you turn invisible.
 Z - a +2 pair of boots of flying (worn)
Jewellery
 h - an amulet of faith (around neck)
 y - a +4 ring of protection
 B - a +6 ring of strength
 H - a ring of willpower (right hand)
 J - the ring "Ugusop" (left hand) {rPois Str-4 Dex+5}
   (You found it in a Gauntlet)

   [ring of poison resistance]

   Str-4:     It affects your strength (-4).
   Dex+5:     It affects your dexterity (+5).
   rPois:     It protects you from poison
 X - a ring of resist corrosion
Wands
 c - a wand of polymorph (8)
 g - a wand of iceblast (5)
 t - a wand of charming (22)
 v - a wand of digging (5)
 W - a wand of acid (1)
 Y - a wand of mindburst (10)
Scrolls
 f - 6 scrolls of fog
 i - 2 scrolls of immolation
 m - 2 scrolls of teleportation
 C - 2 scrolls of silence
 D - a scroll of revelation
 L - a scroll of blinking
 N - a scroll of fear
 V - 2 scrolls of vulnerability
Potions
 d - a potion of berserk rage
 j - 10 potions of might
 r - a potion of enlightenment {unknown}
 x - a potion of heal wounds
 A - 2 potions of curing
 F - a potion of ambrosia
 I - 4 potions of mutation
 M - a potion of magic
 Q - 2 potions of haste
Miscellaneous
 z - a phantom mirror (inert)
 T - a sack of spiders (inert)


   Skills:
 - Level 14.0 Fighting
 - Level 20.0 Maces & Flails
 - Level 4.0 Ranged Weapons
 - Level 5.0 Throwing
 - Level 15.9 Armour
 - Level 16.7 Dodging
 * Level 5.4 Stealth
 - Level 11.6 Shields
 - Level 4.6 Unarmed Combat
 - Level 3.2 Shapeshifting


You had 16 spell levels left.
You didn't know any spells.
Your spell library contained the following spells:

 Spells                   Type           Power      Damage    Failure   Level
 Apportation              Tloc           0%         N/A       96%         1
 Necrotise                Necr           0%         1d4       96%         1
 Summon Small Mammal      Summ           0%         N/A       96%         1
 Cigotuvi's Dreadful Rot  Necr/Alch/Air  0%         N/A       99%         2
 Ensorcelled Hibernation  Hex/Ice        0%         N/A       99%         2
 Jinxbite                 Hex            0%         N/A       99%         2
 Lesser Beckoning         Tloc           0%         N/A       99%         2
 Mercury Vapours          Alch/Air       0%         N/A       99%         2
 Sublimation of Blood     Necr           0%         N/A       99%         2
 Call Canine Familiar     Summ           0%         N/A       100%        3
 Dazzling Flash           Conj/Hex       0%         N/A       100%        3
 Fugue of the Fallen      Necr           0%         N/A       100%        3
 Gell's Gravitas          Tloc           0%         N/A       100%        3
 Mephitic Cloud           Conj/Alch/Air  0%         N/A       100%        3
 Ozocubu's Armour         Ice            0%         N/A       100%        3
 Teleport Other           Tloc           0%         N/A       100%        3
 Tukima's Dance           Hex            0%         N/A       100%        3
 Vampiric Draining        Necr           0%         2d6       100%        3
 Anguish                  Hex/Necr       0%         N/A       100%        4
 Animate Armour           Summ/Erth      0%         N/A       100%        4
 Ignite Poison            Fire/Alch      0%         N/A       100%        4
 Manifold Assault         Tloc           0%         N/A       100%        4
 Martyr's Knell           Necr/Summ      0%         N/A       100%        4
 Passage of Golubria      Tloc           0%         N/A       100%        4
 Petrify                  Alch/Erth      0%         N/A       100%        4
 Summon Blazeheart Golem  Fire/Summ      0%         N/A       100%        4
 Summon Lightning Spire   Summ/Air       0%         N/A       100%        4
 Alistair's Intoxication  Alch           0%         N/A       100%        5
 Curse of Agony           Necr           0%         N/A       100%        5
 Freezing Cloud           Conj/Ice/Air   0%         6-21      100%        5
 Irradiate                Conj/Alch      0%         3d11      100%        5
 Lee's Rapid Deconstruct  Erth           0%         3d4*      100%        5
 Metabolic Englaciation   Hex/Ice        0%         N/A       100%        5
 Silence                  Hex/Air        0%         N/A       100%        5
 Yara's Violent Unravell  Hex/Alch       0%         3d3       100%        5
 Dispersal                Tloc           0%         N/A       100%        6
 Sculpt Simulacrum        Ice/Alch       0%         N/A       100%        6
 Enfeeble                 Hex            0%         N/A       100%        7
 Summon Horrible Things   Summ           0%         N/A       100%        8


Dungeon Overview and Level Annotations

Branches:
Dungeon (15/15)            Temple (0/1) D:7            Lair (5/5) D:10
 Shoals (4/4) Lair:2        Snake (0/4) Lair:2        Slime (0/5) Lair:5
    Orc (2/2) D:9             Elf (0/3) Orc:2        Vaults (0/5) D:13
 Depths (0/4) D:15          Sewer (visited)         Gauntlet (visited)

Altars:
Ashenzari
Cheibriados
Elyvilon
Hepliaklqana
Kikubaaqudgha
Sif Muna
Trog
Uskayaw
Vehumet
Wu Jian
Xom

Shops:
D:4 (   D:6 *   D:7 [   D:11 =:(   Orc:2 ([*:

Portals:
Abyss: D:14
Trove: D:15 (give 8 potions of haste)

Annotations:
D:14 2 transporters, Wociock's ghost, journeyman DgHW
Shoals:1 Nikola
Shoals:4 Louise


Innate Abilities, Weirdness & Mutations

You are amphibious.
You cover ground slowly.
You can hop long distances.
You have an extended range of vision and can be seen from far away.
You are weak. (Str -2)
[Your magical capacity is very low. (-20% MP)]


Message History

Danger: Low HP Warning |T3| Reason: 35% HP (49/139)
As you read the scroll of teleportation, it crumbles to dust.
You feel strangely unstable.
You feel the power of the Abyss delaying your translocation!
The hell hog breathes fire at you.
The fireball explodes!
The fireball engulfs you!!
The fireball engulfs the hell hog.
The hell hog completely resists.
You hear a grinding noise.
The hell hog bites you but does no damage.
You hear a bark!
Danger: Low HP Warning |T3| Reason: 20% HP (29/139)
You feel much better.
The hell hog bites you but does no damage.
The hell hog breathes fire at you.
The fireball explodes!
The fireball engulfs the hell hog.
The hell hog completely resists.
The fireball engulfs you!
The fireball engulfs the hell hog.
The hell hog completely resists.
You hear a grinding noise. x2; You hear an angry squeal.
You hear a bark!
Unknown command.
You fade into invisibility!
You hear a grinding noise.
You feel better. The hell hog breathes fire at you.
The fireball explodes!
The fireball engulfs you!!
The fireball engulfs the hell hog.
The hell hog completely resists.
You hear a shout!
You hear a bark! x2
Danger: Low HP Warning |T3| Reason: 19% HP (27/139)
You feel yourself speed up.
The hell hog squeals angrily.
The hell hog barely misses you.
Unknown command.
Okay, then.
Aiming: Dig
Press: ? - help, Shift-Dir - straight line A rock wall.
The rock shatters into small pieces.
The hell hog breathes fire at you.
The fireball explodes!
The fireball engulfs the hell hog.
The hell hog completely resists.
The fireball engulfs you!!
You die...

. .. .# .
. . ... .
.. ### #
. # #
##@## .
#. ##h#
#... #
..#hh# .
. ##Xh###
# . #
.#...
###.#..##
#
#....##.
# ....#
ยง......#


You could see 2 hell hogs.

Vanquished Creatures
  Jorgrun (D:12)
  Gastronok (D:12)
  2 krakens (Shoals:2)
  A tentacled starspawn (Abyss:2)
  Ilsuiw (Shoals:4)
  The ghost of occam the Bludgeoner, an adept GrFi of Yredelemnul (Lair:2)
  A frost giant (Shoals:4)
  An ironbound preserver (D:13)
  3 orc warlords (Orc:2)
  A stone giant (D:15)
  3 dire elephants (Lair:5)
  A minotaur (Gauntlet)
  5 merfolk impalers
  An entropy weaver (D:13)
  5 merfolk javelineers
  3 hydras
  3 centaur warriors
  An anaconda (Lair:3)
  A boulder beetle (D:12)
  An ogre mage (Orc:2)
  3 merfolk avatars
  2 catoblepae
  A death knight (D:15)
  3 satyrs
  3 merfolk aquamancers (Shoals:4)
  10 two-headed ogres
  5 death yaks
  An orc high priest (Orc:2)
  A vampire mage (Abyss:2)
  7 tengu warriors
  5 skysharks
  4 sixfirhies
  2 spectral death yaks (Lair:5)
  2 wretched stars (Abyss:2)
  5 skeletal warriors
  11 sea snakes
  A shadow wraith (Abyss:2)
  An obsidian statue (Lair:5)
  A spectral anaconda (Lair:5)
  A lindwurm (D:14)
  Pikel (D:9)
  A phantasmal warrior (D:14)
  29 harpies
  2 deep elf pyromancers
  5 orc knights
  3 necromancers (Lair:5)
  An ugly thing (D:12)
  6 orc sorcerers
  A shining eye (Gauntlet)
  14 fauns
  A cyclops (Shoals:2)
  15 manticores
  A salamander (shapeshifter) (D:15)
  Maurice (D:8)
  17 elephants
  A large abomination (Abyss:2)
  A moth of wrath (Gauntlet)
  A black mamba (Lair:3)
  3 water nymphs
  6 meliai
  A smoke demon (Abyss:2)
  2 kobold blastminers (Orc:2)
  An orange demon (Abyss:2)
  A torpor snail (Lair:1)
  9 merfolk sirens
  A gargoyle (D:11)
  Jeremiah (D:8)
  3 rime drakes
  2 minotaur zombies (Gauntlet)
  A kobold demonologist (D:8)
  7 cane toads
  7 komodo dragons
  2 freezing wraiths (D:15)
  A tengu conjurer (D:15)
  An ancient zyme (Abyss:2)
  A queen bee (shapeshifter) (D:13)
  8 trolls
  2 polar bears
  19 merfolk
  A wolf spider simulacrum (D:14)
  6 wind drakes
  A hornet (D:8)
  A glass eye (Gauntlet)
  A raiju (shapeshifter) (D:15)
  3 dream sheep (Shoals:2)
  31 blink frogs
  7 snapping turtles
  2 shadows
  Sigmund (D:3)
  2 wraiths
  2 vampires
  12 water elementals
  3 wyverns (D:9)
  31 yaks
  3 steam dragons
  A golden eye (Gauntlet)
  2 wargs
  A death yak simulacrum (Lair:5)
  A steam dragon (shapeshifter) (D:14)
  10 vampire mosquitoes
  7 basilisks
  4 nagas (Lair:2)
  2 small abominations (Abyss:2)
  10 water moccasins
  Duvessa (D:6)
  37 orc warriors
  An ice beast (D:7)
  A sky beast (D:7)
  3 elephant zombies
  5 ogres
  A black bear (D:10)
  18 wolves
  7 centaurs
  An elephant skeleton (Lair:5)
  4 lemures (D:9)
  A kobold brigand (D:11)
  An elf zombie (D:9)
  12 bullfrogs
  3 gnoll sergeants
  3 scorpions
  2 cane toad simulacra (Lair:5)
  Dowan (D:6)
  A burial acolyte (D:8)
  10 wights
  6 killer bees (D:8)
  An elephant simulacrum (Lair:5)
  A vampire bat (Orc:1)
  A howler monkey (D:12)
  8 electric eels (D:10)
  2 centaur zombies (D:9)
  2 jellies
  22 orc priests
  2 hounds
  6 iguanas
  An iron imp (Abyss:2)
  5 scorpion zombies (D:9)
  3 sleepcaps
  17 orc wizards
  2 hell rats (Lair:4)
  An ogre zombie (D:9)
  5 hound zombies
  13 gnolls
  7 river rats (Lair:4)
  6 adders
  4 shadow imps
  2 white imps
  2 ufetubi (D:5)
  2 adder zombies
  12 dart slugs
  2 ribbon worms
  57 orcs
  12 ball pythons
  8 bats
  12 endoplasms
  9 giant cockroaches
  5 goblins
  4 hobgoblins
  2 jackals (D:4)
  4 quokkas
  8 frilled lizards
  3 gnoll zombies (D:8)
  14 kobolds
  A kobold zombie (D:8)
  14 rats
  3 butterflies
  A starspawn tentacle (Abyss:2)
  3 tentacles (Shoals:2)
839 creatures vanquished.

Vanquished Creatures (collateral kills)
  A merfolk impaler (Shoals:2)
  A merfolk siren (Shoals:4)
  A hound (D:6)
3 creatures vanquished.

Vanquished Creatures (others)
  An orc (Orc:2)
  3 starspawn tentacles (Abyss:2)
  21 tentacles (Shoals:2)
25 creatures vanquished.

Grand Total: 867 creatures vanquished

Notes
Turn   | Place    | Note
-------+----------+-------------------------------------------
     0 | D:1      | Implojin the Barachi Shapeshifter began the quest for the
                  | Orb.
     0 | D:1      | Reached XP level 1. HP: 15/15 MP: 1/1
   194 | D:1      | Reached XP level 2. HP: 21/21 MP: 2/2
   645 | D:1      | Reached XP level 3. HP: 22/26 MP: 3/3
   739 | D:2      | Identified the +10 sling of the Ecumenical Temple {freeze,
                  | rElec rF- Str+7 Int-3}
   929 | D:2      | Reached skill level 1 in Ranged Weapons
  1071 | D:2      | Found the +6 shillelagh "Devastator" {shatter}
  1379 | D:3      | Found a shimmering altar of Xom.
  1395 | D:3      | Reached XP level 4. HP: 32/32 MP: 4/4
  1472 | D:3      | Found a glowing drain.
  1509 | Sewer    | Entered a sewer
  1603 | Sewer    | Reached XP level 5. HP: 26/37 MP: 5/5
  1785 | Sewer    | Reached skill level 1 in Maces & Flails
  1795 | Sewer    | Reached skill level 3 in Maces & Flails
  1795 | Sewer    | Reached XP level 6. HP: 20/44 MP: 6/6
  2142 | D:3      | Noticed Sigmund
  2143 | D:3      | Killed Sigmund
  2144 | D:3      | Reached skill level 5 in Maces & Flails
  2144 | D:3      | Reached XP level 7. HP: 50/50 MP: 7/7
  2352 | D:4      | Found an ornate altar of the Wu Jian Council.
  2358 | D:4      | Became a worshipper of the Wu Jian Council
  2376 | D:4      | Found Jaiss's Weapon Shoppe.
  2431 | D:4      | Found a snail-covered altar of Cheibriados.
  2600 | D:4      | Noticed a +0 falchion
  2600 | D:4      | Noticed a +0 dagger
  2601 | D:4      | Noticed a +0 falchion
  2602 | D:4      | Noticed a +0 spear
  2605 | D:4      | Noticed a +0 short sword
  2750 | D:4      | Noticed a +0 dagger
  2753 | D:4      | Noticed a +0 short sword
  2753 | D:4      | Noticed a +0 spear
  2758 | D:4      | Found a hide-covered altar of Uskayaw.
  2774 | D:4      | Reached skill level 6 in Maces & Flails
  2803 | D:5      | Entered Level 5 of the Dungeon
  2841 | D:5      | Got Bedd's Opusculum on Incineration and Graupel
  2916 | D:5      | Found a white marble altar of Elyvilon.
  3403 | D:5      | Reached * piety under Wu Jian
  3532 | D:5      | Reached XP level 8. HP: 60/60 MP: 8/8
  3662 | D:6      | Noticed Duvessa
  3662 | D:6      | Noticed Dowan
  3713 | D:6      | Reached skill level 7 in Maces & Flails
  3765 | D:6      | Found a broken altar of Ashenzari.
  3821 | D:6      | Killed Dowan
  3828 | D:6      | Killed Duvessa
  3829 | D:6      | Reached skill level 8 in Maces & Flails
  3918 | D:6      | Noticed a troll
  3924 | D:6      | Reached skill level 9 in Maces & Flails
  4026 | D:6      | Found Feyh's General Store.
  4039 | D:6      | Bought a scroll of fog for 40 gold pieces
  4039 | D:6      | Bought a scroll of silence for 95 gold pieces
  4313 | D:6      | Killed a troll
  4314 | D:6      | Reached skill level 10 in Maces & Flails
  4314 | D:6      | Reached XP level 9. HP: 65/65 MP: 9/9
  4673 | D:7      | Found a staircase to the Ecumenical Temple.
  4716 | D:7      | Reached skill level 5 in Fighting
  4816 | D:7      | Found Nasu's Antique Armour Emporium.
  4839 | D:7      | Found a radiant altar of Vehumet.
  5188 | D:7      | Reached ** piety under Wu Jian
  5711 | D:8      | Noticed a kobold demonologist
  5713 | D:8      | Noticed Jeremiah
  5715 | D:8      | Noticed a smoke demon
  5738 | D:8      | Noticed a hellwing
  5746 | D:8      | Noticed a soul eater
  5782 | D:8      | Noticed an ice devil
  5969 | D:8      | Killed Jeremiah
  6101 | D:8      | Noticed a hornet
  6117 | D:8      | Killed a hornet
  6118 | D:8      | Reached skill level 11 in Maces & Flails
  6129 | D:8      | Reached XP level 10. HP: 80/80 MP: 10/10
  6164 | D:8      | Found an ancient bone altar of Kikubaaqudgha.
  6452 | D:8      | Reached skill level 12 in Maces & Flails
  6600 | D:8      | Found a hazy altar of Hepliaklqana.
  6871 | D:8      | Killed a kobold demonologist
  6931 | D:8      | Reached *** piety under Wu Jian
  7089 | D:8      | Noticed Maurice
  7162 | D:8      | Found an ancient bone altar of Kikubaaqudgha.
  7266 | D:8      | Found a hazy altar of Hepliaklqana.
  8040 | D:8      | Maurice stole a beast talisman
  8042 | D:8      | Maurice stole 415 gold
  8047 | D:8      | Killed Maurice
  8274 | D:9      | Found a staircase to the Orcish Mines.
  8329 | D:9      | Reached skill level 13 in Maces & Flails
  8508 | D:9      | Noticed Pikel
  8518 | D:9      | Killed Pikel
  8519 | D:9      | Reached skill level 14 in Maces & Flails
  8525 | D:9      | Reached XP level 11. HP: 62/89 MP: 11/11
  8526 | D:9      | Reached skill level 10 in Fighting
  8573 | D:9      | Noticed a two-headed ogre
  8593 | D:9      | Found an ancient bone altar of Kikubaaqudgha.
  8607 | D:9      | Killed a two-headed ogre
  8878 | D:9      | Reached skill level 5 in Armour
  9080 | D:9      | Reached **** piety under Wu Jian
  9859 | D:10     | Entered Level 10 of the Dungeon
 10083 | D:10     | Found a bloodstained altar of Trog.
 10202 | D:10     | Found a staircase to the Lair.
 10560 | D:10     | Identified the +11 scale mail "Xiywa" {rCorr Dex+2}
 10892 | D:11     | Reached ***** piety under Wu Jian
 10991 | D:11     | Found Ymuapuw's Antique Weapon Shoppe.
 11079 | D:11     | Got Dunu's Vellum of the Volcanic Boggart
 11107 | D:11     | Found Doesi Ystri's Book Shop.
 11122 | D:11     | Noticed a two-headed ogre
 11132 | D:11     | Killed a two-headed ogre
 11133 | D:11     | Reached skill level 10 in Armour
 11136 | D:11     | Found Folaystril's Jewellery Shop.
 11399 | D:12     | Noticed Gastronok
 11409 | D:12     | Killed Gastronok
 11410 | D:12     | Reached XP level 12. HP: 91/97 MP: 12/12
 12154 | D:12     | Noticed a boulder beetle
 12157 | D:12     | Noticed Jorgrun
 12259 | D:12     | Killed a boulder beetle
 12629 | D:13     | Noticed a centaur warrior
 12638 | D:13     | Killed a centaur warrior
 12639 | D:13     | Reached skill level 15 in Armour
 13171 | D:13     | Noticed an entropy weaver
 13171 | D:13     | Noticed an ironbound preserver
 13182 | D:13     | Killed an entropy weaver
 13220 | D:13     | Killed an ironbound preserver
 13221 | D:13     | Reached skill level 5 in Dodging
 13228 | D:13     | Found a gate to the Vaults.
 13816 | D:14     | Noticed Nessos
 13817 | D:14     | Nessos changed into Nessos the lindwurm
 13817 | D:14     | Noticed Nessos
 13821 | D:14     | Killed Nessos the lindwurm
 13822 | D:14     | Gained mutation: You can hop long distances. [Barachi
                  | growth]
 13822 | D:14     | Reached XP level 13. HP: 74/103 MP: 13/13
 13924 | D:14     | Found a transporter.
 13924 | D:14     | Noticed a cacodemon
 13939 | D:14     | Noticed a tentacled monstrosity
 14156 | D:14     | Found a transporter.
 14158 | D:14     | Found a one-way gate to the infinite horrors of the Abyss.
 14158 | D:14     | Noticed Wociock's ghost (journeyman DgHW)
 14759 | D:14     | Found a shimmering blue altar of Sif Muna.
 14842 | D:15     | Entered Level 15 of the Dungeon
 14911 | D:15     | Found a portal to a secret trove of treasure.
 15041 | D:15     | Reached skill level 10 in Dodging
 16376 | Lair:1   | Entered Level 1 of the Lair of Beasts
 16432 | Lair:2   | Identified the +1 helmet of a Million Visionaries {+Inv}
 16592 | D:7      | Bought a pair of embroidered boots for 172 gold pieces
 16592 | D:7      | Bought a heavily runed plate armour for 644 gold pieces
 16592 | D:7      | Identified the +8 plate armour of the Earth {+Inv rN+++
                  | SInv} (You bought it in a shop on level 7 of the Dungeon)
 16815 | Lair:1   | Reached skill level 15 in Maces & Flails
 16967 | Lair:3   | Reached XP level 14. HP: 98/116 MP: 14/14
 16975 | Lair:3   | Reached ****** piety under Wu Jian
 17229 | Lair:5   | Entered Level 5 of the Lair of Beasts
 17356 | Lair:4   | Reached skill level 16 in Maces & Flails
 17418 | Lair:5   | Found a gate leading to a gauntlet.
 17432 | Gauntlet | Entered a Gauntlet
 17432 | Gauntlet | Found a transporter.
 17432 | Gauntlet | Found a runed translucent gate.
 17432 | Gauntlet | Found a transporter.
 17432 | Gauntlet | Found a runed translucent gate.
 17432 | Gauntlet | Found a runed translucent gate.
 17433 | Gauntlet | Found a transporter.
 17434 | Gauntlet | Found a transporter.
 17437 | Gauntlet | Found a transporter.
 17439 | Gauntlet | Found a transporter.
 17462 | Gauntlet | Found the +0 pair of fencer's gloves {Riposte Dex+3}
 17472 | Gauntlet | Found a transporter.
 17478 | Gauntlet | Found a transporter.
 17490 | Gauntlet | Found a transporter.
 17506 | Gauntlet | Found a transporter.
 17530 | Gauntlet | Found a transporter.
 17530 | Gauntlet | Found a transporter.
 17640 | Gauntlet | Gained mutation: You are weak. (Str -2) [a shining eye]
 17667 | Gauntlet | Identified the ring "Ugusop" {rPois Str-4 Dex+5}
 17804 | Lair:5   | Noticed a dire elephant
 17804 | Lair:5   | Noticed a dire elephant
 17804 | Lair:5   | Noticed a dire elephant
 17828 | Lair:5   | Reached skill level 17 in Maces & Flails
 17868 | Lair:5   | Identified the +5 flail of Roepig {flame, rC+}
 17984 | Lair:5   | Identified the +4 quarterstaff of the Turnip {flame, rPois
                  | rF+++ rCorr Dex-4}
 18012 | Lair:5   | Killed a dire elephant
 18013 | Lair:5   | Reached XP level 15. HP: 77/126 MP: 15/15
 18016 | Lair:5   | Reached skill level 18 in Maces & Flails
 18034 | Lair:5   | Got an earthy gem with 2634 turns to spare
 18111 | Lair:5   | Found the +8 whip "Snakebite" {venom, curare, rPois}
 18165 | Lair:5   | Found a staircase to the Slime Pits.
 18329 | Lair:2   | Found a staircase to the Snake Pit.
 18479 | Lair:2   | Found a runed translucent door.
 18485 | Lair:2   | Noticed occam's ghost (adept GrFi)
 18583 | Lair:1   | Found a shimmering altar of Xom.
 18890 | Lair:2   | Found a staircase to the Shoals.
 18972 | Lair:2   | You are sucked into a shaft and drop 1 floor!
 19104 | Orc:1    | Entered Level 1 of the Orcish Mines
 19663 | Orc:2    | Entered Level 2 of the Orcish Mines
 19677 | Orc:2    | Found a bloodstained altar of Trog.
 19811 | Orc:2    | Noticed an orc warlord
 20075 | Orc:2    | Killed an orc warlord
 20076 | Orc:2    | Reached skill level 1 in Throwing
 20322 | Orc:2    | Found Jecvunn's Book Boutique.
 20322 | Orc:2    | Found Xoitor's Antique Armour Boutique.
 20326 | Orc:2    | Found Edykient's Antique Weapon Boutique.
 20353 | Orc:2    | Found Ujutrit's General Store.
 20498 | Orc:2    | Noticed an orc warlord
 20531 | Orc:2    | Killed an orc warlord
 20847 | Orc:2    | Noticed an orc warlord
 20879 | Orc:2    | Killed an orc warlord
 20930 | Orc:2    | Reached skill level 5 in Throwing
 21189 | Orc:2    | Found a staircase to the Elven Halls.
 21437 | Orc:2    | Bought a manual of Dodging for 1200 gold pieces
 21541 | D:11     | Bought a ring of willpower for 325 gold pieces
 21818 | Orc:2    | Bought a +0 eveningstar for 270 gold pieces
 21931 | D:12     | Killed Jorgrun
 22107 | D:12     | Reached XP level 16. HP: 133/133 MP: 16/16
 22703 | D:15     | Reached skill level 19 in Maces & Flails
 22769 | D:15     | Found a staircase to the Depths.
 22928 | Lair:2   | Killed occam's ghost
 23068 | Shoals:1 | Entered Level 1 of the Shoals
 23383 | Shoals:1 | Noticed Nikola
 23576 | Shoals:2 | Reached skill level 20 in Maces & Flails
 24357 | Shoals:2 | Noticed a kraken
 24380 | Shoals:2 | Killed a kraken
 24590 | Shoals:2 | Identified the +0 scale mail "Plog" {Dex+4}
 24713 | Shoals:2 | Noticed a kraken
 24739 | Shoals:2 | Killed a kraken
 24964 | Shoals:2 | Reached skill level 15 in Dodging
 26659 | Shoals:3 | Reached skill level 1 in Shields
 26812 | Shoals:3 | Reached XP level 17. HP: 56/139 MP: 17/17
 27254 | Shoals:3 | Reached skill level 5 in Shields
 27638 | Shoals:4 | Entered Level 4 of the Shoals
 28643 | Shoals:4 | Reached skill level 10 in Shields
 28999 | Shoals:4 | Got a barnacled rune of Zot
 29029 | Shoals:4 | Noticed Louise
 29521 | Shoals:4 | Noticed Ilsuiw
 29538 | Shoals:4 | Killed Ilsuiw
 29542 | Abyss:2  | Cast into level 2 of the Abyss (Louise)
 29634 | Abyss:2  | Noticed a tentacled starspawn
 29655 | Abyss:2  | Killed a tentacled starspawn
 29708 | Abyss:2  | Noticed a hellephant
 29715 | Abyss:2  | Found a corrupted altar of Lugonu.
 29817 | Abyss:2  | Reached skill level 5 in Stealth
 29841 | Abyss:2  | Killed from afar by a hell hog

Illustrated notes

Levels and vault maps discovered:
D:1:      giann_bridges, layout_basic, minmay_misc_feat_alley
D:2:      layout_basic, minmay_pentomino_q4
D:3:      layout_rooms, xom_butterflies, portal_sewer_entry_b, uniq_sigmund
D:4:      layout_rooms, kennysheep_slug_shrine, nicolae_uskayaw_en_pointe,
          mainiacjoe_overflow_cross_hatched, serial_shops, shop
D:5:      layout_basic, lemuel_crystal_altar, nrook_mini_backslash
D:6:      layout_basic, lemuel_doored_altar, serial_shops,
          nicolae_shop_tiny_waterfront, st_stairs_10, dreamdust_wishing_well,
          minmay_manual_monstrance, uniq_duvessa
D:7:      layout_basic, mainiacjoe_overflow_alcove_1, temple_fountains,
          serial_shops, nicolae_shop_tiny_statue_garden
D:8:      minmay_recursive_quarters, layout_loops_ring,
          regret_index_kikubaaqudgha_part_by_part,
          nicolae_hepliaklqana_hippocampus, uniq_jeremiah, uniq_maurice
D:9:      layout_basic, david_orc_1_choice, serial_co_window_serial,
          co_window_paths_b, co_window_corner_a, co_window_paths_b,
          co_window_paths_a, co_window_paths_a, co_window_paths_a,
          co_window_paths_a, co_window_of_opportunity_c, co_window_2corner,
          co_window_unsneaky_path_b, co_window_2corner, co_window_4corner_a,
          glass_columns_a, glass_columns_a, roadster_capsule_ark_zombie,
          uniq_pikel
D:10:     layout_basic, trog_three_pillars_becter, david_lair_generic
D:11:     layout_rooms, serial_shops, shop, nicolae_shop_crystal, shop
D:12:     layout_roguey [special_room_orc], uniq_gastronok, uniq_jorgrun
D:13:     layout_stronghold, hellmonk_vaults_order_and_chaos, st_stairs_10
D:14:     layout_irregular_city, gammafunk_ghost_abyssal_escape,
          lemuel_blue_sif_altar, uniq_nessos
D:15:     grunt_enter_depths_snipers, layout_rooms, enter_trove_1,
          hangedman_aviary
Lair:1:   layout_cave_pods, lemuel_centaur_altar
Lair:2:   layout_roguey, nicolae_shoals_entry_roost,
          minmay_snake_entry_guardpost_medium, ebering_ghost_reflecting_pool,
          lemuel_fruit_fields, grunt_megastairs_1
Lair:3:   layout_long_grid, hellmonk_talismancer
Lair:4:   layout_misc_corridors, kennysheep_abandoned_house, lemuel_fruit_tree
Lair:5:   due_jungle_book, layout_loops_ring, slime_entry_1,
          gauntlet_entry_generic
Shoals:1: layout_shoals, uniq_nikola
Shoals:2: layout_shoals
Shoals:3: layout_shoals, nicolae_shoals_dead_sea_scrolls
Shoals:4: shoals_end_grunt_ice, layout_shoals, shoals_ilsuiw_ice, uniq_louise
Orc:1:    layout_caves, basic_altar, roderic_batcave, mines1_david
Orc:2:    grunt_orc_cross, layout_caves, basic_altar,
          hellmonk_guarded_unrand_dark_maul
Abyss:2:  base:
Orc:1

Skill      XL: |  1  2  3  4  5  6  7  8  9 10 11 12 13 14 15 16 17 |
---------------+----------------------------------------------------+-----
Unarmed Combat | 4 |  4.6
Ranged Weapons | 2 3 4 |  4.0
Fighting       | 2 4 8 9 10 12 14 | 14.0
Maces & Flails | 3 5 6 10 11 14 15 17 18 20 | 20.0
Stealth        | 4 5 |  5.4
Armour         | 11 15 | 15.9
Dodging        | 6 10 13 16 | 16.7
Throwing       | 5 |  5.0
Shields        | 4 11 | 11.6
Shapeshifting  | |  3.2

Action                     |  1- 3 |  4- 6 |  7- 9 | 10-12 | 13-15 | 16-18 || total
---------------------------+-------+-------+-------+-------+-------+-------++-------
  Melee: Unarmed           |    54 |       |       |     3 |       |       ||    57
         Punch             |     2 |       |     3 |    18 |    44 |       ||    67
         Shillelagh        |       |       |    92 |   391 |   955 |   348 ||  1786
         Maul              |       |       |       |       |    10 |    31 ||    41
         Eveningstar       |       |       |       |       |       |   393 ||   393
   Fire: Sling             |    22 |    97 |   102 |    28 |       |       ||   249
  Throw: Dart              |     6 |       |     2 |    15 |     5 |     1 ||    29
         Boomerang         |       |       |       |       |    15 |    49 ||    64
         Javelin           |       |       |       |       |     1 |       ||     1
 Invoke: Serpent's Lash    |       |       |       |     1 |     1 |       ||     2
         Heavenly Storm    |       |       |       |       |       |     1 ||     1
Ability: Begin Untransform |       |       |     1 |       |       |       ||     1
         Whirlwind         |       |       |    19 |    39 |   226 |    71 ||   355
         Lunge             |       |       |     4 |    42 |    56 |    67 ||   169
         Hop               |       |       |       |       |     4 |     4 ||     8
  Evoke: Wand              |       |       |     3 |    20 |    11 |     2 ||    36
         Sack of spiders   |       |       |       |       |     1 |     2 ||     3
         Phantom mirror    |       |       |       |       |     1 |     2 ||     3
    Use: Scroll            |       |     2 |     6 |     6 |    16 |    11 ||    41
         Potion            |       |       |     1 |     1 |    11 |     9 ||    22
   Stab: Sleeping          |       |       |       |     1 |     3 |     2 ||     6
         Distracted        |       |       |       |     1 |     2 |     3 ||     6
 Armour: Animal skin       |    24 |       |       |       |       |       ||    24
         Ring mail         |     5 |    40 |    25 |       |       |       ||    70
         Plate armour      |       |       |    43 |   145 |       |       ||   188
         Skin              |       |       |    19 |    28 |     4 |       ||    51
         Chain mail        |       |       |    16 |       |       |       ||    16
         Scale mail        |       |       |       |   118 |   538 |   687 ||  1343
  Dodge: Dodged            |    39 |    34 |    45 |   110 |   523 |   548 ||  1299
  Block: Kite shield       |       |       |       |       |     5 |   454 ||   459
Riposte: Shillelagh        |       |       |       |       |    51 |    87 ||   138
         Maul              |       |       |       |       |     5 |    10 ||    15
         Eveningstar       |       |       |       |       |       |   125 ||   125
